 Dungeon Crawl Stone Soup version 0.29-a0-393-g47a863cc1b (webtiles) character file.

Game seed: 4481339315331102668

3583 quinnr the Zephyrmancer (level 10, -1/58 HPs)
             Began as a Tengu Air Elementalist on May 10, 2022.
             Was an Initiate of Vehumet.
             Slain by a tengu warrior
             ... wielding a +0 glaive
              (11 damage)
             ... on level 8 of the Dungeon.
             The game lasted 00:17:31 (12179 turns).

quinnr the Zephyrmancer (Tengu Air Elementalist)   Turns: 12179, Time: 00:17:31

Health: -1/58      AC:  3    Str:  8    XL:     10   Next: 10%
Magic:  1/18       EV: 16    Int: 21    God:    Vehumet [......]
Gold:   696        SH:  5    Dex: 14    Spells: 11/18 levels left

rFire   + . .      SeeInvis +   g - staff of air
rCold   . . .      Faith    .   (no shield)
rNeg    + + .      Spirit   .   B - +1 robe {rN+}
rPois   .          Reflect  +   z - +0 hat "Ruanomiha" {rN+ SInv}
rElec   +          Harm     .   (no cloak)
rCorr   .          Rampage  .   (no gloves)
Will    ++...                   (boots unavailable)
Stlth   ++++......              l - amulet "Kiotecoi" {Reflect Contam Will++ SH+5 Stlth+}
HPRegen 0.19/turn               D - ring of wizardry
MPRegen 0.16/turn               F - ring of protection from fire

@: flying quickly and evasively, quick
A: beak, talons 3, nimble flight
a: Renounce Religion


You were on level 8 of the Dungeon.
You worshipped Vehumet.
Vehumet was noncommittal.
You visited 2 branches of the dungeon, and saw 10 of its levels.

You collected 696 gold pieces.

Inventory:

Hand Weapons
 s - a +1 dagger of venom
 t - a +2 dagger of draining
Armour
 a - a +0 robe
 z - the +0 hat "Ruanomiha" (worn) {rN+ SInv}
   (You acquired it on level 6 of the Dungeon)

   rN:        It protects you from negative energy.
   SInv:      It lets you see invisible.
 B - a +1 robe of positive energy (worn)
Magical Staves
 g - a staff of air (weapon)
Jewellery
 l - the amulet "Kiotecoi" (around neck) {Reflect Contam Will++ SH+5 Stlth+}
   (You acquired it on level 6 of the Dungeon)

   [amulet of reflection]

   It reflects blocked missile attacks.
   Contam:    It causes magical contamination when unequipped.
   SH:        It affects your SH (+5).
   Will:      It greatly increases your willpower.
   Stlth:     It makes you more stealthy.
 D - a ring of wizardry (left hand)
 F - a ring of protection from fire (right hand)
Wands
 o - a wand of flame (17)
 v - a wand of polymorph (10)
 w - a wand of acid (4)
 y - a wand of charming (9)
Scrolls
 e - a scroll of silence {unknown}
 f - 3 scrolls of fear {unknown}
 h - 4 scrolls of blinking {unknown}
 i - a scroll of brand weapon {unknown}
 j - 2 scrolls of noise {unknown}
 k - 2 scrolls of enchant armour {unknown}
 m - 4 scrolls of teleportation
 q - 2 scrolls of enchant weapon
 u - a scroll of immolation
 x - a scroll of poison {unknown}
 A - a scroll of identify
 C - a scroll of magic mapping {unknown}
Potions
 b - a potion of magic
 c - 5 potions of curing
 d - a potion of heal wounds
 n - a potion of flight
 p - 3 potions of attraction
 r - 2 potions of degeneration
 E - a potion of mutation {unknown}


   Skills:
 + Level 4.6 Fighting
 - Level 2.0 Armour
 - Level 5.0 Dodging
 - Level 5.0 Stealth
 + Level 4.7 Spellcasting
 - Level 1.4 Conjurations
 - Level 14.2 Air Magic


You had 11 spell levels left.
You knew the following spells:

 Your Spells              Type           Power      Damage    Failure   Level
a - Shock                 Conj/Air       100%       1d9       1%          1
b - Airstrike             Air            38%        N/A       1%          4
c - Static Discharge      Conj/Air       54%        N/A       1%          2

Your spell library contained the following spells:

 Spells                   Type           Power      Damage    Failure   Level
 Swiftness                Air            77%        N/A       1%          3
 Blink                    Tloc           8%         N/A       7%          2
 Lesser Beckoning         Tloc           4%         N/A       13%         3
 Manifold Assault         Tloc           4%         N/A       73%         5


Dungeon Overview and Level Annotations

Branches:
Dungeon (9/15)             Temple (1/1) D:6
   Lair: D:8-11         Orc: D:9-12

Altars:
Ashenzari
Cheibriados
Dithmenos
Elyvilon
Fedhas
Gozag
Hepliaklqana
Makhleb
Nemelex Xobeh
Okawaru
Qazlal
Ru
Sif Muna
Trog
Uskayaw
Vehumet
Wu Jian
Xom
Yredelemnul
Zin
The Shining One


Innate Abilities, Weirdness & Mutations

You have a beak for a mouth.
You have claws for feet.
Your magical nature lets you fly swiftly and evasively.


Message History

The tengu warrior drinks a potion.
The tengu warrior flickers and vanishes for a moment.
Things that are here:
a +0 short sword; a +0 robe of cold resistance
Casting: Shock (safe; 1% risk of failure)
Confirm with . or Enter, or press ? or * to list all spells.
You can't see any susceptible monsters within range! (Use Z to cast anyway.)
Casting: Shock (safe; 1% risk of failure)
Confirm with . or Enter, or press ? or * to list all spells.
Aiming: Airstrike (safe; 1% risk of failure)
Press: ? - help, Dir - move target, f/p - tengu warrior
Aim: a tengu warrior, wielding a +0 glaive and wearing a +0 ring mail (slightly transparent, empty space bonus: 6/8)
You feel a surge of power!
The air twists around and strikes the tengu warrior!
The tengu warrior is moderately wounded.
Casting: Airstrike (safe; 1% risk of failure)
Confirm with . or Enter, or press ? or * to list all spells.
Aiming: Airstrike (safe; 1% risk of failure)
Press: ? - help, Dir - move target, f/p - tengu warrior
Aim: a tengu warrior, wielding a +0 glaive and wearing a +0 ring mail (moderately wounded, slightly transparent, empty space bonus: 8/8)
You feel a surge of power!
The air twists around and strikes the tengu warrior!!
The tengu warrior is heavily wounded.
Aiming: Corrosive Bolt
Press: ? - help, Shift-Dir - straight line, f/p - tengu warrior
Aim: a tengu warrior, wielding a +0 glaive and wearing a +0 ring mail (heavily wounded, slightly transparent, 50% to hit)
The bolt of acid hits the tengu warrior!
The tengu warrior is severely wounded.
The tengu warrior hits you from afar with a +0 glaive!!
* * * LOW HITPOINT WARNING * * *
Casting: Airstrike (safe; 1% risk of failure)
Confirm with . or Enter, or press ? or * to list all spells.
Aiming: Airstrike (safe; 1% risk of failure)
Press: ? - help, Dir - move target, f/p - tengu warrior
Aim: a tengu warrior, wielding a +0 glaive and wearing a +0 ring mail (severely wounded, slightly transparent, empty space bonus: 7/8)
You feel a surge of power!
The air twists around and strikes the tengu warrior!
The tengu warrior is almost dead.
The tengu warrior hits you from afar with a +0 glaive!
You die...

#.. ..### #.# #.#.. #.#
#.#.# #.# #.#.# #.# #.#.#
#####.#########.#.#######
.)......................#
#####.#####.####.))###..##.
................@.Q........
#####.#............)....##
##.##.............#......#
...####.#.........#.#.#..#
........#.#.###.#.#.#.# .#
##.####...........#.# # #
..........#..#....#.#
.............(.......
..)....... ...


You could see a tengu warrior (invisible).

Vanquished Creatures
  Pikel (D:6)
  A water moccasin (D:6)
  2 orc warriors
  2 black bears
  An ice beast (D:6)
  2 ogres
  3 phantoms
  A centaur (D:5)
  4 lemures (D:6)
  2 necrophages
  8 scorpions
  A bullfrog (D:7)
  11 wights
  A howler monkey (D:5)
  4 jellies
  5 hounds
  4 orc priests
  4 iguanas
  An orc wizard (D:5)
  12 adders
  3 gnolls
  A shadow imp (D:3)
  2 white imps (D:6)
  3 ufetubi
  A worm (D:4)
  2 dart slugs
  19 orcs
  7 endoplasms
  3 giant cockroaches
  3 goblins
  5 hobgoblins
  8 jackals (D:2)
  A quokka (D:4)
  13 ball pythons
  6 bats
  3 frilled lizards
  9 kobolds
  9 rats
168 creatures vanquished.

Notes
Turn   | Place    | Note
-------+----------+-------------------------------------------
     0 | D:1      | quinnr the Tengu Air Elementalist began the quest for the
                  | Orb.
     0 | D:1      | Reached XP level 1. HP: 10/10 MP: 4/4
   312 | D:1      | Reached XP level 2. HP: 15/15 MP: 1/6
   726 | D:1      | Reached skill level 5 in Air Magic
  1278 | D:2      | Reached XP level 3. HP: 17/19 MP: 2/7
  1645 | D:2      | Reached skill level 6 in Air Magic
  1645 | D:2      | Reached XP level 4. HP: 9/24 MP: 0/8
  2510 | D:2      | Found an ornate altar of the Wu Jian Council.
  2592 | D:2      | Reached skill level 7 in Air Magic
  2947 | D:3      | Gained mutation: Your magical nature lets you fly swiftly
                  | and evasively. [Tengu growth]
  2947 | D:3      | Reached XP level 5. HP: 28/28 MP: 3/9
  3997 | D:3      | Learned a level 4 spell: Airstrike
  4000 | D:3      | Learned a level 2 spell: Static Discharge
  4113 | D:4      | Reached skill level 8 in Air Magic
  4244 | D:4      | Reached XP level 6. HP: 21/32 MP: 1/10
  4577 | D:4      | Reached skill level 9 in Air Magic
  5396 | D:4      | Reached skill level 10 in Air Magic
  5396 | D:4      | Reached XP level 7. HP: 36/36 MP: 2/11
  5769 | D:4      | Reached skill level 11 in Air Magic
  6047 | D:4      | Reached skill level 12 in Air Magic
  6047 | D:4      | Reached XP level 8. HP: 41/41 MP: 1/12
  6577 | D:4      | Reached skill level 13 in Air Magic
  6639 | D:5      | Entered Level 5 of the Dungeon
  7546 | D:5      | Reached skill level 14 in Air Magic
  8239 | D:5      | Reached XP level 9. HP: 46/46 MP: 9/13
  8333 | D:5      | Identified the +8 ring mail "Zuytomis" {rPois rC+ Str+3}
  8719 | D:6      | Reached skill level 1 in Armour
  8803 | D:6      | Reached skill level 1 in Fighting
  8942 | D:6      | Found a staircase to the Ecumenical Temple.
  8957 | Temple   | Entered the Ecumenical Temple
  9421 | Temple   | Became a worshipper of Vehumet
  9674 | D:6      | Noticed Pikel
 10045 | D:6      | Identified 2 scrolls of acquirement
 10046 | D:6      | Acquired a staff of air
 10047 | D:6      | Acquired the amulet "Kiotecoi" {Reflect Contam Will++ SH+5
                  | Stlth+}
 10327 | D:6      | Acquired the +0 hat "Ruanomiha" {rN+ SInv}
 10855 | D:6      | Killed Pikel
 10856 | D:6      | Reached skill level 5 in Dodging
 11459 | D:7      | Reached XP level 10. HP: 56/56 MP: 7/17
 11554 | D:7      | You are sucked into a shaft and drop 2 floors!
 11575 | D:8      | Reached skill level 5 in Stealth
 12172 | D:8      | Noticed a tengu warrior
 12179 | D:8      | Slain by a tengu warrior

Illustrated notes

Levels and vault maps discovered:
D:1:      dpeg_arrival_snail, layout_loops_corners
D:2:      minmay_alternating_diamond, layout_loops_corners, basic_altar,
          due_unseen_surprise
D:3:      layout_basic, kennysheep_generic_room_10
D:4:      minmay_polygon_palace, layout_cave_pools, minivault_27
D:5:      layout_loops_ring
D:6:      layout_gridville, minmay_temple_entry_glass,
          minmay_fractal_squares_gapless_5, uniq_pikel
D:7:      layout_basic, lemuel_doored_altar
D:8:      layout_basic, serial_shops, shop
D:9:      layout_basic, erik_lair_orcish_takeover, uniq_maggie
Temple:   mainiacjoe_temple_circle_huts

Skill      XL: |  1  2  3  4  5  6  7  8  9 10 |
---------------+-------------------------------+-----
Air Magic      | 5 6 7 8 10 12 14 | 14.2
Dodging        | 3 5 |  5.0
Armour         | 2 |  2.0
Fighting       | 4 |  4.6
Stealth        | 4 5 |  5.0
Spellcasting   | 4 |  4.7
Conjurations   | |  1.4

Action                   |  1- 3 |  4- 6 |  7- 9 | 10-12 || total
-------------------------+-------+-------+-------+-------++-------
Melee: Unarmed           |       |     2 |       |       ||     2
       Kick              |       |     2 |       |       ||     2
 Cast: Shock             |    58 |   127 |   208 |    28 ||   421
       Airstrike         |       |     5 |    25 |     6 ||    36
       Static Discharge  |       |     4 |    20 |     2 ||    26
Evoke: Wand              |       |       |     1 |     1 ||     2
  Use: Scroll            |       |       |    12 |       ||    12
Armor: Robe              |     3 |     1 |     3 |       ||     7
Dodge: Dodged            |     9 |    17 |    32 |     4 ||    62
Block: Other             |       |       |     1 |     2 ||     3

Table legend: (Time is in decaauts)
 A = Elapsed time spent in this place.
 B = Non-inter-level travel time spent in this place.
 C = Inter-level travel time spent in this place.
 D = Time resting spent in this place.
 E = Time spent auto-exploring this place.
 F = Levels seen in this place.
 G = Mean time per level.
                   A        B        C        D        E       F      G
               +--------+--------+--------+--------+--------+-----+--------+
         Total |  11840 |  11427 |    413 |   2849 |   7344 |  10 | 1184.0 |
       Dungeon |  11303 |  10910 |    393 |   2546 |   7156 |   9 | 1255.9 |
        Temple |    537 |    518 |     19 |    302 |    188 |   1 |  537.0 |
               +--------+--------+--------+--------+--------+-----+--------+

Top non-repeatable levels by time:
     D:4: 2936 daAuts
     D:6: 2142 daAuts
     D:2: 1589 daAuts
     D:3: 1489 daAuts
     D:1: 1297 daAuts
     D:5: 998 daAuts
     D:8: 590 daAuts
  Temple: 537 daAuts
     D:7: 245 daAuts
     D:9: 14 daAuts
